Sarnia Sailors vs Tappara Tampere
Created - Wednesday, February 14, 2024 at 07:20
Goals
|
| Sarnia Sailors |
1 |
2 |
2 |
5 |
| Tappara Tampere |
0 |
1 |
2 |
3 |
|
Shots
|
| Sarnia Sailors |
11 |
11 |
12 |
34 |
| Tappara Tampere |
19 |
7 |
14 |
40 |
|
1st period
1. Sarnia Sailors , Kevin Stenlund 5 (Vasily Podkolzin 14) at 6:43
Penalties :
Keegan Kolesar (SAR) for Roughing (Minor) at 15:35
2nd period
2. Sarnia Sailors , Keegan Kolesar 7 (Vasily Podkolzin 15, Kevin Stenlund 11) at 0:25
3. Tappara Tampere , John Klingberg 3 (Logan O'Connor 2) at 14:39
4. Sarnia Sailors , Jesse Puljujarvi 5 (Jack Rathbone 4, Jamie Drysdale 13) at 19:28
Penalties :
Andy Andreoff (TAP) for Holding (Minor) at 0:28, Jett Woo (SAR) for Cross-checking (Minor) at 10:48
3rd period
5. Tappara Tampere , Kiefer Sherwood 5 (Andrew Poturalski 5, Lukas Svejkovsky 3) at 1:36
6. Tappara Tampere , Andrew Poturalski 2 (Kiefer Sherwood 3, Calvin De Haan 3) at 2:18
7. Sarnia Sailors , Tristen Nielsen 7 (Vasily Podkolzin 16, Keegan Kolesar 10) at 2:58 (PP)
8. Sarnia Sailors , Keegan Kolesar 8 (Jamie Drysdale 14, Jack Rathbone 5) at 12:22 (PP)
Penalties :
Mattias Samuelsson (TAP) for Hooking (Minor) at 2:52, Samuel Walker (SAR) for Checking from behind (Minor) at 8:13, Rocco Grimaldi (TAP) for Tripping (Minor) at 11:54, Kent Johnson (TAP) for Holding (Minor) at 14:44, Stefan Noesen (TAP) for Slashing (Minor) at 16:03
Goalie Stats
Remi Poirier (SAR), 37 saves from 40 shots - (0.925), W, 6-1-0, 60:00 minutes
Charlie Lindgren (TAP), 29 saves from 34 shots - (0.853), L, 2-2-1, 60:00 minutes
Players Stats for Sarnia Sailors
Player Name G A P +/- PIM S H SB GA TA FO MP PP MP PK MP
------------------------------------------------------------------------------------
Adam Ginning 0 0 0 0 0 3 2 1 0 1 0/0 21:43 2:24 3:55
Brad Lambert 0 0 0 0 0 0 1 0 0 0 1/1 15:01 2:24 1:24
Cole Reinhardt 0 0 0 0 0 2 2 0 2 0 0/0 17:33 2:22 1:36
Daniel Torgersson 0 0 0 0 0 0 1 1 0 1 0/0 9:14 0:13 0:00
Declan Chisholm 0 0 0 0 0 0 0 0 0 0 0/0 17:17 0:00 2:02
Dominic Toninato 0 0 0 0 0 2 3 0 1 0 2/6 14:41 0:13 3:09
Jack Rathbone 0 2 2 0 0 2 0 1 0 0 0/0 25:25 3:27 3:33
Jamie Drysdale 0 2 2 0 0 7 1 0 0 1 0/0 24:40 3:27 2:02
Jesse Puljujarvi 1 0 1 0 0 3 1 0 0 0 0/1 15:02 2:22 0:00
Jett Woo 0 0 0 0 2 0 0 1 0 0 0/0 13:46 0:00 0:00
Keegan Kolesar 2 1 3 0 2 3 2 0 1 0 0/0 19:49 3:16 0:54
Kevin Stenlund 1 1 2 0 0 1 1 1 0 1 10/26 20:54 2:22 3:13
Laurent Dauphin 0 0 0 0 0 1 0 0 0 0 1/2 9:52 0:00 1:20
Lucas Edmonds 0 0 0 0 0 2 1 0 0 0 0/0 12:12 0:13 0:18
Samuel Walker 0 0 0 0 2 3 1 0 0 0 0/0 8:00 0:00 0:00
Tristen Nielsen 1 0 1 0 0 1 1 0 0 1 11/17 15:56 3:16 0:00
Vasily Podkolzin 0 3 3 0 0 4 1 0 0 1 0/0 18:24 3:16 0:00
Zach Uens 0 0 0 0 0 0 1 3 0 0 0/0 14:31 0:00 0:22
Players Stats for Tappara Tampere
Player Name G A P +/- PIM S H SB GA TA FO MP PP MP PK MP
------------------------------------------------------------------------------------
Alex Goligoski 0 0 0 1 0 1 1 1 0 1 0/0 21:33 3:13 3:21
Anders Bjork 0 0 0 0 0 2 1 1 1 0 1/1 18:47 3:01 2:40
Andrew Poturalski 1 1 2 1 0 1 1 0 0 0 5/6 11:28 0:00 0:00
Andy Andreoff 0 0 0 0 2 3 1 0 0 0 5/12 16:18 2:56 0:00
Ben Hutton 0 0 0 1 0 0 0 1 1 0 0/0 15:20 0:00 0:06
Calvin De Haan 0 1 1 1 0 4 1 0 0 0 0/0 15:14 0:00 0:00
Jan Rutta 0 0 0 -2 0 2 2 1 0 0 0/0 23:13 2:44 2:30
John Klingberg 1 0 1 -2 0 5 1 1 0 1 0/0 23:13 2:44 2:30
Kent Johnson 0 0 0 0 2 1 2 1 0 0 7/16 17:20 3:01 0:24
Kiefer Sherwood 1 1 2 1 0 6 2 2 0 0 0/1 13:37 0:00 0:57
Logan O'Connor 0 1 1 0 0 1 2 0 1 0 4/6 19:01 3:01 2:40
Lukas Svejkovsky 0 1 1 -1 0 0 1 1 0 0 0/0 9:35 0:00 0:17
Mattias Janmark 0 0 0 0 0 6 0 1 0 0 1/1 18:25 2:56 2:23
Mattias Samuelsson 0 0 0 1 2 0 2 3 0 1 0/0 21:26 3:13 3:15
Phillip Di Giuseppe 0 0 0 -1 0 4 2 0 1 0 0/0 9:18 0:00 0:00
Rocco Grimaldi 0 0 0 1 2 2 1 0 1 0 0/0 12:12 0:00 0:00
Stefan Noesen 0 0 0 0 2 1 2 0 0 1 3/5 18:06 2:56 1:40
William Eklund 0 0 0 -1 0 1 0 1 1 0 2/5 9:18 0:00 0:00
3 Stars
1 - Keegan Kolesar (SAR)
2 - Kiefer Sherwood (TAP)
3 - Kevin Stenlund (SAR)
Power Play
Sarnia Sailors - 2 on 5 Attempt(s) - 40.00%
Tappara Tampere - 0 on 3 Attempt(s) - 0.00%
Penalty Kill
Sarnia Sailors - 3 on 3 Attempt(s) - 100.00%
- Score 0 goal in Penalty Kill
Tappara Tampere - 3 on 5 Attempt(s) - 60.00%
- Score 0 goal in Penalty Kill
Team Stat
Sarnia Sailors - Hits : 19 - Faceoff Wins : 25 - Blocked Shots : 8 - Penalty Minutes : 6
Tappara Tampere - Hits : 22 - Faceoff Wins : 28 - Blocked Shots : 14 - Penalty Minutes : 10
Official
Referees : Mark Lemelin and Steve Kozari
Linesman : Jay Sharrers and Ryan Gibbons
Game Notes
6:43 of 1st period - Sarnia Sailors goal is going for a video replay. After video review, Goal.
Sarnia Sailors
5 vs 5 Forward
Center Left Wing Right Wing Time % Phy DF OF
1 Kevin Stenlund Vasily Podkolzin Keegan Kolesar 40 2 1 2
2 Tristen Nielsen Cole Reinhardt Jesse Puljujarvi 30 2 1 2
3 Dominic Toninato Brad Lambert Lucas Edmonds 20 1 2 2
4 Laurent Dauphin Daniel Torgersson Samuel Walker 10 2 1 2
5 vs 5 Defense
Defense Defense Time % Phy DF OF
1 Jamie Drysdale Jack Rathbone 40 1 2 2
2 Declan Chisholm Adam Ginning 30 2 1 2
3 Zach Uens Jett Woo 20 2 2 1
4 Adam Ginning Jack Rathbone 10 1 2 2
PowerPlay Forward
Center Left Wing Right Wing Time % Phy DF OF
1 Tristen Nielsen Vasily Podkolzin Keegan Kolesar 60 0 1 4
2 Kevin Stenlund Cole Reinhardt Jesse Puljujarvi 40 0 1 4
PowerPlay Defense
Defense Defense Time % Phy DF OF
1 Jamie Drysdale Jack Rathbone 60 1 1 3
2 Adam Ginning Brad Lambert 40 2 1 2
Penalty Kill 4 Players Forward
Center Wing Time % Phy DF OF
1 Kevin Stenlund Dominic Toninato 60 2 2 1
2 Laurent Dauphin Keegan Kolesar 40 2 2 1
Penalty Kill 4 Players Defense
Defense Defense Time % Phy DF OF
1 Adam Ginning Jack Rathbone 60 2 1 2
2 Declan Chisholm Jamie Drysdale 40 2 2 1
Penalty Kill - 3 Players Forward
Forward Time % Phy DF OF
1 Kevin Stenlund 60 2 2 1
2 Tristen Nielsen 40 2 2 1
Penalty Kill - 3 Players Defense
Defense Defense Time % Phy DF OF
1 Adam Ginning Jack Rathbone 60 2 1 2
2 Declan Chisholm Jamie Drysdale 40 2 2 1
4 vs 4 Forward
Center Wing Time % Phy DF OF
1 Kevin Stenlund Keegan Kolesar 60 2 1 2
2 Tristen Nielsen Vasily Podkolzin 40 2 1 2
4 vs 4 Defense
Defense Defense Time % Phy DF OF
1 Declan Chisholm Jack Rathbone 60 1 2 2
2 Jamie Drysdale Adam Ginning 40 2 1 2
Last Minutes Offensive
Center Left Wing Right Wing Defense Defense
Tristen Nielsen Vasily Podkolzin Keegan Kolesar Jamie Drysdale Jack Rathbone
Last Minutes Defensive
Center Left Wing Right Wing Defense Defense
Kevin Stenlund Dominic Toninato Tristen Nielsen Jamie Drysdale Jack Rathbone
Goaltenders
Starting : Remi Poirier
Backup : Dylan Ferguson
Extra Forwards
Normal : Brad Lambert, Cole Reinhardt, Lucas Edmonds - PP : Brad Lambert, Cole Reinhardt - PK : Dominic Toninato
Extra Defensemen
Normal : Zach Uens, Declan Chisholm, Jamie Drysdale - PP : Jamie Drysdale - PK : Zach Uens, Declan Chisholm
Penalty Shots
Kevin Stenlund, Keegan Kolesar, Dominic Toninato, Jesse Puljujarvi, Vasily Podkolzin
Tappara Tampere
5 vs 5 Forward
Center Left Wing Right Wing Time % Phy DF OF
1 Andy Andreoff Stefan Noesen Mattias Janmark 31 1 2 2
2 Kent Johnson Logan O'Connor Anders Bjork 31 1 2 2
3 Andrew Poturalski Rocco Grimaldi Kiefer Sherwood 28 1 2 2
4 William Eklund Phillip Di Giuseppe Lukas Svejkovsky 10 1 2 2
5 vs 5 Defense
Defense Defense Time % Phy DF OF
1 John Klingberg Jan Rutta 30 1 2 2
2 Mattias Samuelsson Alex Goligoski 30 1 2 2
3 Calvin De Haan Ben Hutton 30 1 2 2
4 John Klingberg Jan Rutta 10 1 2 2
PowerPlay Forward
Center Left Wing Right Wing Time % Phy DF OF
1 Andy Andreoff Stefan Noesen Mattias Janmark 50 1 2 2
2 Kent Johnson Logan O'Connor Anders Bjork 50 1 2 2
PowerPlay Defense
Defense Defense Time % Phy DF OF
1 John Klingberg Jan Rutta 50 1 2 2
2 Mattias Samuelsson Alex Goligoski 50 1 2 2
Penalty Kill 4 Players Forward
Center Wing Time % Phy DF OF
1 Stefan Noesen Mattias Janmark 50 1 3 1
2 Logan O'Connor Anders Bjork 50 2 2 1
Penalty Kill 4 Players Defense
Defense Defense Time % Phy DF OF
1 John Klingberg Jan Rutta 50 2 2 1
2 Mattias Samuelsson Alex Goligoski 50 2 2 1
Penalty Kill - 3 Players Forward
Forward Time % Phy DF OF
1 Stefan Noesen 50 1 3 1
2 Mattias Janmark 50 1 3 1
Penalty Kill - 3 Players Defense
Defense Defense Time % Phy DF OF
1 John Klingberg Jan Rutta 50 2 2 1
2 Mattias Samuelsson Alex Goligoski 50 2 2 1
4 vs 4 Forward
Center Wing Time % Phy DF OF
1 Stefan Noesen Phillip Di Giuseppe 50 1 2 2
2 Logan O'Connor Kent Johnson 50 1 2 2
4 vs 4 Defense
Defense Defense Time % Phy DF OF
1 John Klingberg Jan Rutta 50 1 2 2
2 Mattias Samuelsson Alex Goligoski 50 1 2 2
Last Minutes Offensive
Center Left Wing Right Wing Defense Defense
Andy Andreoff Phillip Di Giuseppe Stefan Noesen John Klingberg Mattias Samuelsson
Last Minutes Defensive
Center Left Wing Right Wing Defense Defense
Andy Andreoff Stefan Noesen Mattias Janmark Jan Rutta Mattias Samuelsson
Goaltenders
Starting : Charlie Lindgren
Backup : Petr Mrazek
Extra Forwards
Normal : Kent Johnson, Rocco Grimaldi, Kiefer Sherwood - PP : Lukas Svejkovsky, Rocco Grimaldi - PK : Kiefer Sherwood
Extra Defensemen
Normal : Calvin De Haan, Ben Hutton, Mattias Samuelsson - PP : Calvin De Haan - PK : Ben Hutton, Mattias Samuelsson
Penalty Shots
Stefan Noesen, Mattias Janmark, Logan O'Connor, Anders Bjork, Andy Andreoff
% Time on Ice - Sarnia Sailors
Lines # - Real PCT - Wanted PCT - Time Play
Normal Forward
1 - 35% - 40% - 16:43
2 - 27% - 30% - 13:12
3 - 21% - 20% - 10:17
4 - 17% - 10% - 8:00
Normal Defense
1 - 38% - 40% - 18:30
2 - 29% - 30% - 13:47
3 - 28% - 20% - 13:37
4 - 5% - 10% - 2:18
PP Forward
1 - 60% - 60% - 3:29
2 - 40% - 40% - 2:22
PP Defense
1 - 59% - 60% - 3:27
2 - 41% - 40% - 2:24
PK Forward
1 - 78% - 60% - 4:37
2 - 22% - 40% - 1:20
PK Defense
1 - 66% - 60% - 3:55
2 - 34% - 40% - 2:02
PK3 Forward
1 - 0% - 60%
2 - 0% - 40%
PK3 Defense
1 - 0% - 60%
2 - 0% - 40%
44 Forward
1 - 0% - 60%
2 - 0% - 40%
44 Defense
1 - 0% - 60%
2 - 0% - 40%
Last Minute Offensive - 0:00
Last Minute Defensive - 0:00
Total
Forward - 60:00
Defense - 60:00
|
% Time on Ice - Tappara Tampere
Lines # - Real PCT - Wanted PCT - Time Play
Normal Forward
1 - 30% - 31% - 14:20
2 - 27% - 31% - 13:06
3 - 24% - 28% - 11:28
4 - 19% - 10% - 9:18
Normal Defense
1 - 31% - 30% - 15:00
2 - 31% - 30% - 14:59
3 - 32% - 30% - 15:14
4 - 6% - 10% - 2:59
PP Forward
1 - 49% - 50% - 2:56
2 - 51% - 50% - 3:01
PP Defense
1 - 46% - 50% - 2:44
2 - 54% - 50% - 3:13
PK Forward
1 - 49% - 50% - 2:31
2 - 51% - 50% - 2:40
PK Defense
1 - 35% - 50% - 1:50
2 - 65% - 50% - 3:21
PK3 Forward
1 - 93% - 50% - 0:37
2 - 8% - 50% - 0:03
PK3 Defense
1 - 100% - 50% - 0:40
2 - 0% - 50% - 0:00
44 Forward
1 - 0% - 50%
2 - 0% - 50%
44 Defense
1 - 0% - 50%
2 - 0% - 50%
Last Minute Offensive - 0:00
Last Minute Defensive - 0:00
Total
Forward - 60:00
Defense - 60:00
|
Play-by-Play
1st period
0:01 of 1st period - Stefan Noesen wins face-off versus Kevin Stenlund in neutral zone.
0:14 of 1st period - Snap shot by Andy Andreoff.
0:14 of 1st period - Deflect By Kevin Stenlund.
0:14 of 1st period - Shot Blocked by Kevin Stenlund.
0:14 of 1st period - Puck is out of play.
0:15 of 1st period - Kent Johnson wins face-off versus Tristen Nielsen in Sarnia Sailors zone.
0:16 of 1st period - Snap shot by Logan O'Connor.
0:16 of 1st period - Stopped by Remi Poirier without a rebound.
0:17 of 1st period - Tristen Nielsen wins face-off versus Kent Johnson in Sarnia Sailors zone.
0:24 of 1st period - Wrist shot by Jesse Puljujarvi.
0:24 of 1st period - Stopped by Charlie Lindgren without a rebound.
0:25 of 1st period - Tristen Nielsen wins face-off versus Kent Johnson in Tappara Tampere zone.
0:34 of 1st period - Alex Goligoski is hit by Tristen Nielsen and loses puck.
0:45 of 1st period - Snap shot by Cole Reinhardt.
0:45 of 1st period - Stopped by Charlie Lindgren with a rebound.
0:57 of 1st period - Slapshot by Cole Reinhardt.
0:57 of 1st period - Stopped by Charlie Lindgren with a rebound.
0:59 of 1st period - Snap shot by Cole Reinhardt.
0:59 of 1st period - Shot Blocked by Mattias Samuelsson.
1:01 of 1st period - Wrist shot by Tristen Nielsen.
1:01 of 1st period - Shot Misses the Net.
1:03 of 1st period - Wrist shot by Tristen Nielsen.
1:03 of 1st period - Shot Blocked by Alex Goligoski.
1:05 of 1st period - Slapshot by Cole Reinhardt.
1:05 of 1st period - Shot Blocked by Anders Bjork.
1:07 of 1st period - Slapshot by Adam Ginning.
1:07 of 1st period - Stopped by Charlie Lindgren with a rebound.
1:09 of 1st period - Slapshot by Adam Ginning.
1:09 of 1st period - Shot Misses the Net.
1:11 of 1st period - Slapshot by Adam Ginning.
1:11 of 1st period - Stopped by Charlie Lindgren without a rebound.
1:12 of 1st period - Andrew Poturalski wins face-off versus Dominic Toninato in Tappara Tampere zone.
1:19 of 1st period - Slapshot by Rocco Grimaldi.
1:19 of 1st period - Stopped by Remi Poirier with a rebound.
1:21 of 1st period - Backhand shot by Rocco Grimaldi.
1:21 of 1st period - Deflect By Dominic Toninato.
1:21 of 1st period - Shot Misses the Net.
1:21 of 1st period - Puck is out of play.
1:22 of 1st period - Andrew Poturalski wins face-off versus Dominic Toninato in Sarnia Sailors zone.
1:23 of 1st period - Wrist shot by Rocco Grimaldi.
1:23 of 1st period - Stopped by Remi Poirier with a rebound.
1:25 of 1st period - Slapshot by Calvin De Haan.
1:25 of 1st period - Deflect By Lucas Edmonds.
1:25 of 1st period - Stopped by Remi Poirier without a rebound.
1:26 of 1st period - Kevin Stenlund wins face-off versus Andy Andreoff in Sarnia Sailors zone.
2:38 of 1st period - Snap shot by Mattias Janmark.
2:38 of 1st period - Shot Misses the Net.
3:27 of 1st period - Snap shot by Jesse Puljujarvi.
3:27 of 1st period - Shot Misses the Net.
3:42 of 1st period - Wrist shot by Phillip Di Giuseppe.
3:42 of 1st period - Stopped by Remi Poirier with a rebound.
4:33 of 1st period - Cole Reinhardt is hit by Stefan Noesen and loses puck.
4:40 of 1st period - Slapshot by Stefan Noesen.
4:40 of 1st period - Shot Misses the Net.
4:44 of 1st period - Snap shot by Andy Andreoff.
4:44 of 1st period - Stopped by Remi Poirier with a rebound.
4:46 of 1st period - Snap shot by Mattias Janmark.
4:46 of 1st period - Stopped by Remi Poirier with a rebound.
4:48 of 1st period - Slapshot by Calvin De Haan.
4:48 of 1st period - Stopped by Remi Poirier with a rebound.
4:50 of 1st period - Snap shot by Mattias Janmark.
4:50 of 1st period - Stopped by Remi Poirier with a rebound.
4:52 of 1st period - Snap shot by Andy Andreoff.
4:52 of 1st period - Shot Misses the Net.
5:04 of 1st period - Slapshot by Mattias Janmark.
5:04 of 1st period - Shot Hit the Post.
5:26 of 1st period - Snap shot by Mattias Janmark.
5:26 of 1st period - Stopped by Remi Poirier without a rebound.
5:27 of 1st period - Andrew Poturalski wins face-off versus Kevin Stenlund in Sarnia Sailors zone.
5:42 of 1st period - Wrist shot by Andrew Poturalski.
5:42 of 1st period - Shot Misses the Net.
5:48 of 1st period - Kevin Stenlund is hit by Jan Rutta and loses puck.
6:41 of 1st period - Slapshot by Vasily Podkolzin.
6:41 of 1st period - Stopped by Charlie Lindgren with a rebound.
6:43 of 1st period - Snap shot by Kevin Stenlund.
6:43 of 1st period - Sarnia Sailors goal is going for a video replay.
6:43 of 1st period - The goal is good.
6:43 of 1st period - Goal by Kevin Stenlund - Sarnia Sailors : 1 - Tappara Tampere : 0.
6:44 of 1st period - Dominic Toninato wins face-off versus Kent Johnson in neutral zone.
7:09 of 1st period - Mattias Samuelsson is hit by Jamie Drysdale and loses puck.
8:06 of 1st period - Snap shot by Phillip Di Giuseppe.
8:06 of 1st period - Stopped by Remi Poirier with a rebound.
8:19 of 1st period - Off-side.
8:20 of 1st period - Logan O'Connor wins face-off versus Tristen Nielsen in neutral zone.
8:27 of 1st period - Snap shot by Anders Bjork.
8:27 of 1st period - Stopped by Remi Poirier with a rebound.
8:29 of 1st period - Slapshot by Jan Rutta.
8:29 of 1st period - Stopped by Remi Poirier without a rebound.
8:30 of 1st period - Kevin Stenlund wins face-off versus Kent Johnson in Sarnia Sailors zone.
8:55 of 1st period - Brad Lambert is hit by Jan Rutta and loses puck.
9:24 of 1st period - Slapshot by Jesse Puljujarvi.
9:24 of 1st period - Stopped by Charlie Lindgren with a rebound.
9:26 of 1st period - Slapshot by Cole Reinhardt.
9:26 of 1st period - Shot Blocked by Mattias Samuelsson.
9:36 of 1st period - William Eklund is hit by Samuel Walker and loses puck.
9:41 of 1st period - Snap shot by Samuel Walker.
9:41 of 1st period - Stopped by Charlie Lindgren with a rebound.
9:43 of 1st period - Snap shot by Laurent Dauphin.
9:43 of 1st period - Shot Blocked by Mattias Samuelsson.
9:45 of 1st period - Wrist shot by Daniel Torgersson.
9:45 of 1st period - Deflect By Samuel Walker.
9:45 of 1st period - Shot Misses the Net.
9:45 of 1st period - Puck is out of play.
9:46 of 1st period - Kent Johnson wins face-off versus Kevin Stenlund in Tappara Tampere zone.
10:33 of 1st period - Slapshot by Mattias Janmark.
10:33 of 1st period - Shot Misses the Net.
10:35 of 1st period - Snap shot by Mattias Janmark.
10:35 of 1st period - Shot Misses the Net.
10:37 of 1st period - Snap shot by Andy Andreoff.
10:37 of 1st period - Stopped by Remi Poirier with a rebound.
10:51 of 1st period - Lukas Svejkovsky is hit by Adam Ginning and loses puck.
10:59 of 1st period - Ben Hutton is hit by Adam Ginning and loses puck.
11:22 of 1st period - Alex Goligoski is hit by Kevin Stenlund.
11:32 of 1st period - Snap shot by Keegan Kolesar.
11:32 of 1st period - Shot Misses the Net.
11:52 of 1st period - Jack Rathbone is hit by Andy Andreoff and loses puck.
12:33 of 1st period - Kevin Stenlund is hit by Logan O'Connor and loses puck.
13:04 of 1st period - Slapshot by John Klingberg.
13:04 of 1st period - Stopped by Remi Poirier with a rebound.
13:36 of 1st period - Logan O'Connor is hit by Daniel Torgersson and loses puck.
13:45 of 1st period - Laurent Dauphin is hit by Mattias Samuelsson and loses puck.
14:02 of 1st period - Slapshot by Jamie Drysdale.
14:02 of 1st period - Stopped by Charlie Lindgren without a rebound.
14:03 of 1st period - Kevin Stenlund wins face-off versus Andy Andreoff in Tappara Tampere zone.
14:24 of 1st period - Vasily Podkolzin is hit by Calvin De Haan.
14:31 of 1st period - Icing by Vasily Podkolzin.
14:32 of 1st period - Dominic Toninato wins face-off versus Kent Johnson in Sarnia Sailors zone.
14:57 of 1st period - Wrist shot by Phillip Di Giuseppe.
14:57 of 1st period - Shot Misses the Net.
15:19 of 1st period - Jamie Drysdale is hit by Kiefer Sherwood.
15:35 of 1st period - Minor Penalty to Keegan Kolesar for Roughing.
15:36 of 1st period - Andy Andreoff wins face-off versus Kevin Stenlund in Sarnia Sailors zone.
16:11 of 1st period - Slapshot by Anders Bjork.
16:11 of 1st period - Shot Misses the Net.
17:11 of 1st period - Snap shot by Lucas Edmonds.
17:11 of 1st period - Stopped by Charlie Lindgren with a rebound.
17:35 of 1st period - Penalty to Keegan Kolesar is over, Keegan Kolesar is back on ice.
17:45 of 1st period - Laurent Dauphin is hit by Kiefer Sherwood and loses puck.
18:06 of 1st period - Snap shot by Phillip Di Giuseppe.
18:06 of 1st period - Stopped by Remi Poirier without a rebound.
18:07 of 1st period - William Eklund wins face-off versus Dominic Toninato in Sarnia Sailors zone.
18:20 of 1st period - Calvin De Haan is hit by Dominic Toninato and loses puck.
18:36 of 1st period - Backhand shot by Kiefer Sherwood.
18:36 of 1st period - Stopped by Remi Poirier with a rebound.
18:48 of 1st period - Wrist shot by Kiefer Sherwood.
18:48 of 1st period - Stopped by Remi Poirier with a rebound.
19:49 of 1st period - Slapshot by John Klingberg.
19:49 of 1st period - Stopped by Remi Poirier without a rebound.
19:50 of 1st period - Kevin Stenlund wins face-off versus William Eklund in Sarnia Sailors zone.
Goals for this period are 1 for Sarnia Sailors vs 0 for Tappara Tampere.
Shots for this period are 11 for Sarnia Sailors vs 19 for Tappara Tampere.
2nd period
0:01 of 2nd period - Kent Johnson wins face-off versus Kevin Stenlund in neutral zone.
0:10 of 2nd period - Snap shot by Keegan Kolesar.
0:10 of 2nd period - Stopped by Charlie Lindgren without a rebound.
0:11 of 2nd period - Kevin Stenlund wins face-off versus Andy Andreoff in Tappara Tampere zone.
0:21 of 2nd period - Slapshot by Jamie Drysdale.
0:21 of 2nd period - Stopped by Charlie Lindgren without a rebound.
0:22 of 2nd period - Kevin Stenlund wins face-off versus Kent Johnson in Tappara Tampere zone.
0:23 of 2nd period - Slapshot by Vasily Podkolzin.
0:23 of 2nd period - Stopped by Charlie Lindgren with a rebound.
0:25 of 2nd period - Snap shot by Keegan Kolesar.
0:25 of 2nd period - Goal by Keegan Kolesar - Sarnia Sailors : 2 - Tappara Tampere : 0.
0:26 of 2nd period - Andy Andreoff wins face-off versus Kevin Stenlund in neutral zone.
0:28 of 2nd period - Minor Penalty to Andy Andreoff for Holding.
0:29 of 2nd period - Stefan Noesen wins face-off versus Tristen Nielsen in Tappara Tampere zone.
0:37 of 2nd period - Slapshot by John Klingberg.
0:37 of 2nd period - Stopped by Remi Poirier with a rebound.
2:26 of 2nd period - Snap shot by Kent Johnson.
2:26 of 2nd period - Shot Misses the Net.
2:28 of 2nd period - Penalty to Andy Andreoff is over, Andy Andreoff is back on ice.
2:42 of 2nd period - Wrist shot by Kiefer Sherwood.
2:42 of 2nd period - Stopped by Remi Poirier with a rebound.
2:44 of 2nd period - Wrist shot by Andy Andreoff.
2:44 of 2nd period - Shot Blocked by Daniel Torgersson.
2:46 of 2nd period - Snap shot by Alex Goligoski.
2:46 of 2nd period - Deflect By Andy Andreoff.
2:46 of 2nd period - Shot Misses the Net.
2:46 of 2nd period - Puck is out of play.
2:47 of 2nd period - William Eklund wins face-off versus Laurent Dauphin in Sarnia Sailors zone.
2:56 of 2nd period - Slapshot by William Eklund.
2:56 of 2nd period - Shot Misses the Net.
4:04 of 2nd period - Snap shot by William Eklund.
4:04 of 2nd period - Stopped by Remi Poirier without a rebound.
4:05 of 2nd period - Tristen Nielsen wins face-off versus William Eklund in Sarnia Sailors zone.
4:10 of 2nd period - Snap shot by Cole Reinhardt.
4:10 of 2nd period - Shot Misses the Net.
4:12 of 2nd period - Slapshot by Jack Rathbone.
4:12 of 2nd period - Deflect By Tristen Nielsen.
4:12 of 2nd period - Shot Misses the Net.
4:12 of 2nd period - Puck is out of play.
4:13 of 2nd period - Anders Bjork wins face-off versus Jesse Puljujarvi in Tappara Tampere zone.
4:20 of 2nd period - Slapshot by Kent Johnson.
4:20 of 2nd period - Shot Blocked by Jack Rathbone.
5:02 of 2nd period - Wrist shot by Laurent Dauphin.
5:02 of 2nd period - Stopped by Charlie Lindgren with a rebound.
5:04 of 2nd period - Slapshot by Adam Ginning.
5:04 of 2nd period - Stopped by Charlie Lindgren with a rebound.
5:33 of 2nd period - Slapshot by Kent Johnson.
5:33 of 2nd period - Stopped by Remi Poirier without a rebound.
5:34 of 2nd period - Kevin Stenlund wins face-off versus Andy Andreoff in Sarnia Sailors zone.
5:39 of 2nd period - Snap shot by Jack Rathbone.
5:39 of 2nd period - Shot Misses the Net.
6:23 of 2nd period - Wrist shot by Jesse Puljujarvi.
6:23 of 2nd period - Shot Blocked by William Eklund.
7:32 of 2nd period - Lucas Edmonds is hit by Kent Johnson and loses puck.
7:51 of 2nd period - Wrist shot by Kiefer Sherwood.
7:51 of 2nd period - Shot Misses the Net.
8:33 of 2nd period - Mattias Janmark is hit by Zach Uens and loses puck.
9:18 of 2nd period - Samuel Walker is hit by Phillip Di Giuseppe and loses puck.
9:50 of 2nd period - Snap shot by Andy Andreoff.
9:50 of 2nd period - Shot Misses the Net.
9:52 of 2nd period - Wrist shot by Andy Andreoff.
9:52 of 2nd period - Stopped by Remi Poirier with a rebound.
10:10 of 2nd period - Anders Bjork is hit by Dominic Toninato and loses puck.
10:26 of 2nd period - Snap shot by Rocco Grimaldi.
10:26 of 2nd period - Shot Misses the Net.
10:32 of 2nd period - Snap shot by Andrew Poturalski.
10:32 of 2nd period - Shot Misses the Net.
10:34 of 2nd period - Snap shot by Kiefer Sherwood.
10:34 of 2nd period - Stopped by Remi Poirier without a rebound.
10:35 of 2nd period - Andy Andreoff wins face-off versus Dominic Toninato in Sarnia Sailors zone.
10:48 of 2nd period - Minor Penalty to Jett Woo for Cross-checking.
10:49 of 2nd period - Kevin Stenlund wins face-off versus Kent Johnson in Sarnia Sailors zone.
10:53 of 2nd period - Snap shot by Kevin Stenlund.
10:53 of 2nd period - Deflect By Dominic Toninato.
10:53 of 2nd period - Shot Blocked by Kent Johnson.
10:53 of 2nd period - Puck is out of play.
10:54 of 2nd period - Kent Johnson wins face-off versus Kevin Stenlund in Tappara Tampere zone.
11:04 of 2nd period - Dominic Toninato is hit by Alex Goligoski.
11:10 of 2nd period - Slapshot by Dominic Toninato.
11:10 of 2nd period - Stopped by Charlie Lindgren without a rebound.
11:11 of 2nd period - Andy Andreoff wins face-off versus Kevin Stenlund in Tappara Tampere zone.
12:48 of 2nd period - Penalty to Jett Woo is over, Jett Woo is back on ice.
14:11 of 2nd period - Keegan Kolesar is hit by Mattias Samuelsson and loses puck.
14:21 of 2nd period - Off-side.
14:22 of 2nd period - Kent Johnson wins face-off versus Tristen Nielsen in neutral zone.
14:22 of 2nd period - Kent Johnson is hit by Jesse Puljujarvi.
14:30 of 2nd period - Snap shot by Jesse Puljujarvi.
14:30 of 2nd period - Shot Blocked by John Klingberg.
14:33 of 2nd period - Icing by John Klingberg.
14:34 of 2nd period - Logan O'Connor wins face-off versus Kevin Stenlund in Tappara Tampere zone.
14:39 of 2nd period - Slapshot by John Klingberg.
14:39 of 2nd period - Deflect By Adam Ginning.
14:39 of 2nd period - Goal by John Klingberg - Sarnia Sailors : 2 - Tappara Tampere : 1.
14:40 of 2nd period - Andy Andreoff wins face-off versus Kevin Stenlund in neutral zone.
15:05 of 2nd period - Anders Bjork is hit by Cole Reinhardt and loses puck.
16:47 of 2nd period - Jack Rathbone is hit by Andrew Poturalski and loses puck.
18:11 of 2nd period - Snap shot by Jamie Drysdale.
18:11 of 2nd period - Stopped by Charlie Lindgren with a rebound.
18:13 of 2nd period - Slapshot by Jamie Drysdale.
18:13 of 2nd period - Stopped by Charlie Lindgren with a rebound.
18:17 of 2nd period - Wrist shot by Samuel Walker.
18:17 of 2nd period - Stopped by Charlie Lindgren with a rebound.
18:19 of 2nd period - Slapshot by Jack Rathbone.
18:19 of 2nd period - Shot Misses the Net.
18:21 of 2nd period - Snap shot by Adam Ginning.
18:21 of 2nd period - Shot Blocked by Ben Hutton.
19:05 of 2nd period - Adam Ginning is hit by Rocco Grimaldi and loses puck.
19:26 of 2nd period - Slapshot by Jack Rathbone.
19:26 of 2nd period - Shot Blocked by Lukas Svejkovsky.
19:28 of 2nd period - Snap shot by Jesse Puljujarvi.
19:28 of 2nd period - Goal by Jesse Puljujarvi - Sarnia Sailors : 3 - Tappara Tampere : 1.
19:29 of 2nd period - Kevin Stenlund wins face-off versus Andy Andreoff in neutral zone.
Goals for this period are 2 for Sarnia Sailors vs 1 for Tappara Tampere.
Shots for this period are 11 for Sarnia Sailors vs 7 for Tappara Tampere.
3rd period
0:01 of 3rd period - Kent Johnson wins face-off versus Kevin Stenlund in neutral zone.
0:11 of 3rd period - Off-side.
0:12 of 3rd period - Andrew Poturalski wins face-off versus Kevin Stenlund in neutral zone.
0:37 of 3rd period - Jesse Puljujarvi is hit by Kent Johnson and loses puck.
1:04 of 3rd period - Jan Rutta is hit by Dominic Toninato.
1:36 of 3rd period - Wrist shot by Kiefer Sherwood.
1:36 of 3rd period - Goal by Kiefer Sherwood - Sarnia Sailors : 3 - Tappara Tampere : 2.
1:37 of 3rd period - Logan O'Connor wins face-off versus Kevin Stenlund in neutral zone.
1:50 of 3rd period - Snap shot by Logan O'Connor.
1:50 of 3rd period - Shot Misses the Net.
1:52 of 3rd period - Slapshot by Jan Rutta.
1:52 of 3rd period - Stopped by Remi Poirier with a rebound.
2:02 of 3rd period - Slapshot by Mattias Janmark.
2:02 of 3rd period - Stopped by Remi Poirier with a rebound.
2:04 of 3rd period - Snap shot by Calvin De Haan.
2:04 of 3rd period - Stopped by Remi Poirier with a rebound.
2:06 of 3rd period - Snap shot by Stefan Noesen.
2:06 of 3rd period - Stopped by Remi Poirier without a rebound.
2:07 of 3rd period - Tristen Nielsen wins face-off versus Andrew Poturalski in Sarnia Sailors zone.
2:16 of 3rd period - Snap shot by Kiefer Sherwood.
2:16 of 3rd period - Shot Blocked by Adam Ginning.
2:18 of 3rd period - Wrist shot by Andrew Poturalski.
2:18 of 3rd period - Goal by Andrew Poturalski - Sarnia Sailors : 3 - Tappara Tampere : 3.
2:19 of 3rd period - Kevin Stenlund wins face-off versus Kent Johnson in neutral zone.
2:52 of 3rd period - Minor Penalty to Mattias Samuelsson for Hooking.
2:53 of 3rd period - Tristen Nielsen wins face-off versus Logan O'Connor in Tappara Tampere zone.
2:54 of 3rd period - Wrist shot by Keegan Kolesar.
2:54 of 3rd period - Shot Misses the Net.
2:56 of 3rd period - Wrist shot by Vasily Podkolzin.
2:56 of 3rd period - Shot Misses the Net.
2:58 of 3rd period - Slapshot by Tristen Nielsen.
2:58 of 3rd period - Goal by Tristen Nielsen - Sarnia Sailors : 4 - Tappara Tampere : 3.
2:59 of 3rd period - Andrew Poturalski wins face-off versus Kevin Stenlund in neutral zone.
3:14 of 3rd period - Snap shot by Jamie Drysdale.
3:14 of 3rd period - Stopped by Charlie Lindgren with a rebound.
3:24 of 3rd period - Jack Rathbone is hit by John Klingberg and loses puck.
3:54 of 3rd period - Zach Uens is hit by Logan O'Connor and loses puck.
4:09 of 3rd period - Zach Uens is hit by Phillip Di Giuseppe and loses puck.
4:15 of 3rd period - Icing by Zach Uens.
4:16 of 3rd period - Laurent Dauphin wins face-off versus Andy Andreoff in Sarnia Sailors zone.
4:25 of 3rd period - Slapshot by Mattias Janmark.
4:25 of 3rd period - Stopped by Remi Poirier with a rebound.
4:45 of 3rd period - Snap shot by Samuel Walker.
4:45 of 3rd period - Shot Misses the Net.
5:52 of 3rd period - Slapshot by Dominic Toninato.
5:52 of 3rd period - Stopped by Charlie Lindgren with a rebound.
5:54 of 3rd period - Snap shot by Zach Uens.
5:54 of 3rd period - Shot Blocked by Kiefer Sherwood.
5:56 of 3rd period - Snap shot by Lucas Edmonds.
5:56 of 3rd period - Stopped by Charlie Lindgren with a rebound.
6:18 of 3rd period - Snap shot by William Eklund.
6:18 of 3rd period - Shot Misses the Net.
6:20 of 3rd period - Slapshot by Lukas Svejkovsky.
6:20 of 3rd period - Shot Misses the Net.
6:22 of 3rd period - Snap shot by Calvin De Haan.
6:22 of 3rd period - Stopped by Remi Poirier with a rebound.
6:24 of 3rd period - Wrist shot by Phillip Di Giuseppe.
6:24 of 3rd period - Stopped by Remi Poirier with a rebound.
6:40 of 3rd period - Wrist shot by Stefan Noesen.
6:40 of 3rd period - Shot Misses the Net.
6:42 of 3rd period - Slapshot by Jan Rutta.
6:42 of 3rd period - Shot Blocked by Zach Uens.
6:44 of 3rd period - Slapshot by John Klingberg.
6:44 of 3rd period - Stopped by Remi Poirier with a rebound.
6:54 of 3rd period - Zach Uens is hit by Anders Bjork and loses puck.
7:42 of 3rd period - Slapshot by Jack Rathbone.
7:42 of 3rd period - Stopped by Charlie Lindgren with a rebound.
7:44 of 3rd period - Snap shot by Samuel Walker.
7:44 of 3rd period - Stopped by Charlie Lindgren with a rebound.
8:13 of 3rd period - Minor Penalty to Samuel Walker for Checking from behind.
8:14 of 3rd period - Mattias Janmark wins face-off versus Kevin Stenlund in Sarnia Sailors zone.
9:49 of 3rd period - Icing by Mattias Janmark.
9:50 of 3rd period - Brad Lambert wins face-off versus Stefan Noesen in Tappara Tampere zone.
10:13 of 3rd period - Penalty to Samuel Walker is over, Samuel Walker is back on ice.
10:35 of 3rd period - Icing by Adam Ginning.
10:36 of 3rd period - Tristen Nielsen wins face-off versus William Eklund in Sarnia Sailors zone.
11:00 of 3rd period - Slapshot by Jamie Drysdale.
11:00 of 3rd period - Stopped by Charlie Lindgren with a rebound.
11:04 of 3rd period - Snap shot by Vasily Podkolzin.
11:04 of 3rd period - Shot Blocked by Mattias Janmark.
11:06 of 3rd period - Slapshot by Kevin Stenlund.
11:06 of 3rd period - Deflect By Vasily Podkolzin.
11:06 of 3rd period - Deflect By Ben Hutton.
11:06 of 3rd period - Stopped by Charlie Lindgren with a rebound.
11:08 of 3rd period - Snap shot by Jack Rathbone.
11:08 of 3rd period - Shot Misses the Net.
11:21 of 3rd period - Snap shot by Anders Bjork.
11:21 of 3rd period - Shot Misses the Net.
11:54 of 3rd period - Minor Penalty to Rocco Grimaldi for Tripping.
11:55 of 3rd period - Tristen Nielsen wins face-off versus Logan O'Connor in Tappara Tampere zone.
12:08 of 3rd period - Snap shot by Vasily Podkolzin.
12:08 of 3rd period - Stopped by Charlie Lindgren without a rebound.
12:09 of 3rd period - Stefan Noesen wins face-off versus Tristen Nielsen in Tappara Tampere zone.
12:22 of 3rd period - Snap shot by Keegan Kolesar.
12:22 of 3rd period - Goal by Keegan Kolesar - Sarnia Sailors : 5 - Tappara Tampere : 3.
12:23 of 3rd period - Kent Johnson wins face-off versus Kevin Stenlund in neutral zone.
12:23 of 3rd period - Logan O'Connor is hit by Keegan Kolesar and loses puck.
12:49 of 3rd period - Andy Andreoff is hit by Cole Reinhardt.
13:15 of 3rd period - Slapshot by Dominic Toninato.
13:15 of 3rd period - Shot Misses the Net.
13:17 of 3rd period - Slapshot by Jack Rathbone.
13:17 of 3rd period - Stopped by Charlie Lindgren with a rebound.
13:19 of 3rd period - Snap shot by Lucas Edmonds.
13:19 of 3rd period - Shot Misses the Net.
13:21 of 3rd period - Wrist shot by Brad Lambert.
13:21 of 3rd period - Shot Blocked by Jan Rutta.
13:33 of 3rd period - Samuel Walker is hit by Lukas Svejkovsky and loses puck.
13:59 of 3rd period - Slapshot by Anders Bjork.
13:59 of 3rd period - Stopped by Remi Poirier without a rebound.
14:00 of 3rd period - Tristen Nielsen wins face-off versus Andy Andreoff in Sarnia Sailors zone.
14:00 of 3rd period - Tristen Nielsen is hit by Stefan Noesen.
14:44 of 3rd period - Minor Penalty to Kent Johnson for Holding.
14:45 of 3rd period - Tristen Nielsen wins face-off versus Stefan Noesen in Tappara Tampere zone.
15:06 of 3rd period - Mattias Samuelsson is hit by Vasily Podkolzin and loses puck.
15:38 of 3rd period - Icing by Keegan Kolesar.
15:39 of 3rd period - Logan O'Connor wins face-off versus Tristen Nielsen in Sarnia Sailors zone.
15:42 of 3rd period - Wrist shot by Anders Bjork.
15:42 of 3rd period - Shot Misses the Net.
16:03 of 3rd period - Minor Penalty to Stefan Noesen for Slashing.
16:04 of 3rd period - Tristen Nielsen wins face-off versus Kiefer Sherwood in Tappara Tampere zone.
16:14 of 3rd period - Snap shot by Vasily Podkolzin.
16:14 of 3rd period - Shot Misses the Net.
16:16 of 3rd period - Snap shot by Tristen Nielsen.
16:16 of 3rd period - Shot Blocked by Kiefer Sherwood.
16:18 of 3rd period - Snap shot by Jamie Drysdale.
16:18 of 3rd period - Stopped by Charlie Lindgren with a rebound.
16:20 of 3rd period - Snap shot by Keegan Kolesar.
16:20 of 3rd period - Shot Misses the Net.
16:44 of 3rd period - Penalty to Kent Johnson is over, Kent Johnson is back on ice.
17:24 of 3rd period - Kent Johnson is hit by Keegan Kolesar and loses puck.
18:03 of 3rd period - Penalty to Stefan Noesen is over, Stefan Noesen is back on ice.
18:05 of 3rd period - Mattias Janmark is hit by Lucas Edmonds and loses puck.
18:24 of 3rd period - Wrist shot by Mattias Janmark.
18:24 of 3rd period - Stopped by Remi Poirier with a rebound.
18:26 of 3rd period - Slapshot by Mattias Samuelsson.
18:26 of 3rd period - Shot Blocked by Zach Uens.
18:28 of 3rd period - Wrist shot by Mattias Janmark.
18:28 of 3rd period - Shot Misses the Net.
18:30 of 3rd period - Slapshot by Alex Goligoski.
18:30 of 3rd period - Stopped by Remi Poirier with a rebound.
18:38 of 3rd period - Backhand shot by Stefan Noesen.
18:38 of 3rd period - Shot Blocked by Jett Woo.
18:40 of 3rd period - Slapshot by Mattias Samuelsson.
18:40 of 3rd period - Shot Blocked by Zach Uens.
18:42 of 3rd period - Wrist shot by Kiefer Sherwood.
18:42 of 3rd period - Shot Misses the Net.
18:44 of 3rd period - Slapshot by Kiefer Sherwood.
18:44 of 3rd period - Stopped by Remi Poirier without a rebound.
18:45 of 3rd period - Tristen Nielsen wins face-off versus Kent Johnson in Sarnia Sailors zone.
19:51 of 3rd period - Logan O'Connor is hit by Brad Lambert and loses puck.
Goals for this period are 2 for Sarnia Sailors vs 2 for Tappara Tampere.
Shots for this period are 12 for Sarnia Sailors vs 14 for Tappara Tampere.
Back to the Top